 Dungeon Crawl Stone Soup version 0.29.0-4-gdea44cf6ec (webtiles) character file.

Game seed: 9086017639041160950

58 PieDemon the Trooper (level 3, -6/33 HPs)
             Began as a Minotaur Fighter on Aug 27, 2022.
             Killed from afar by an orc wizard (8 damage)
             ... with a puff of flame
             ... on level 2 of the Dungeon.
             The game lasted 00:01:16 (852 turns).

PieDemon the Trooper (Minotaur Fighter)              Turns: 852, Time: 00:01:16

Health: -6/33      AC:  6    Str: 22    XL:     3   Next: 75%
Magic:  0/2        EV:  9    Int:  5    God:
Gold:   36         SH:  4    Dex:  9    Spells: 2/2 levels left

rFire   . . .      SeeInvis .   a - +0 war axe
rCold   . . .      Faith    .   c - +0 buckler
rNeg    . . .      Spirit   +   b - +0 scale mail
rPois   .          Reflect  .   (helmet restricted)
rElec   .          Harm     .   (no cloak)
rCorr   .          Rampage  .   (no gloves)
Will    .....                   (no boots)
Stlth   ..........              g - amulet of guardian spirit
HPRegen 0.11/turn               (no ring)
MPRegen 0.08/turn               (no ring)

@: mighty
A: horns 2, retaliatory headbutt
a: no special abilities


You were on level 2 of the Dungeon.
You visited 1 branch of the dungeon, and saw 2 of its levels.

You collected 36 gold pieces.

Inventory:

Hand Weapons
 a - a +0 war axe (weapon)
 h - a +0 mace
Armour
 b - a +0 scale mail (worn)
 c - a +0 buckler (worn)
Jewellery
 f - an amulet of magic regeneration
 g - an amulet of guardian spirit (around neck)
Potions
 e - a potion of curing {unknown}


   Skills:
 + Level 4.2 Fighting
 * Level 4.0 Axes
 - Level 3.6 Armour
 + Level 4.2 Shields


You had 2 spell levels left.
You didn't know any spells.
Your spell library contained the following spells:

 Spells                   Type           Power      Damage    Failure   Level
 Conjure Flame            Conj/Fire      0%         6-21      99%         3
 Ignite Poison            Fire/Tmut/Pois 0%         N/A       99%         3
 Sticky Flame             Conj/Fire      0%         2d3       100%        4


Dungeon Overview and Level Annotations

Branches:
Dungeon (2/15)

Altars:


Innate Abilities, Weirdness & Mutations

You have a pair of horns on your head.
You reflexively headbutt those who attack you in melee.


Message History

You feel very mighty all of a sudden. The orc priest closely misses you.
The orc wizard gestures wildly while chanting.
The orc wizard flickers and vanishes!
Deactivating autopickup; reactivate with Ctrl-A.
Unknown command.
You hit the orc priest but do no damage.
You miss something. The orc priest misses you. You furiously retaliate!
You headbutt the orc priest! Something hits you.
You hit the orc priest.
The orc priest is almost dead.
You barely miss something.
The orc priest hits you with a +0 flail.
Something hits you but does no damage.
Unknown command.
You closely miss the orc priest.
The orc priest is almost dead.
You slash something!
The orc priest invokes the aid of Beogh against you.
Beogh smites you!
The orc priest hits you with a +0 flail!
* * * LOW HITPOINT WARNING * * *
Something hits you.
* * * LOW HITPOINT WARNING * * *
Something hits you.
* * * LOW HITPOINT WARNING * * *
The orc priest begins to cast a cantrip, but forgets the words!
The orc priest closely misses you.
You slice the orc priest!!
You kill the orc priest!
You hit something. Something hits you but does no damage.
Your Axes skill increases to level 4!
Unknown command.
You slash the orc wizard! You headbutt the orc wizard.
You kill the orc wizard!
You miss something.
You hear some strange, mumbled words.
A puff of flame appears from out of thin air!
The puff of flame hits you!
You die...

#.###ooo###....###
#.##..o..##....#
#.#..o....#.##...
#.#o8...8.#.#.##.)
#########.#....o..#..#
.. ..........#.......#
. ..........#.......#
. ######...#.8...8.#
##.@#.......#
#.{)o.......
#.####....## #.# #..##
..# #.# ##.# .# .#. #
# #


You could see an orc priest.

Vanquished Creatures
  An orc priest (D:2)
  An orc wizard (D:2)
  An orc (D:2)
  3 ball pythons (D:1)
  A bat (D:1)
  2 endoplasms (D:1)
  3 hobgoblins (D:1)
  6 jackals (D:1)
  2 kobolds (D:1)
  A quokka (D:2)
  A frilled lizard (D:2)
  2 goblins
  A rat (D:1)
25 creatures vanquished.

Notes
Turn   | Place    | Note
-------+----------+-------------------------------------------
     0 | D:1      | PieDemon the Minotaur Fighter began the quest for the Orb.
     0 | D:1      | Reached XP level 1. HP: 19/19 MP: 0/0
    96 | D:1      | Reached XP level 2. HP: 27/27 MP: 1/1
   847 | D:2      | Reached XP level 3. HP: 30/33 MP: 2/2
   850 | D:2      | HP: 1/33 [something (3)]
   852 | D:2      | Killed from afar by an orc wizard

Illustrated notes

Levels and vault maps discovered:
D:1:      dpeg_arrival_arbitrary_c, layout_loops_ring
D:2:      cheibrodos_pilgrimage, layout_loops_ring, serial_shops,
          nicolae_diamond_shop, shop, shapermc_ecumenical_altar_pompeii

Skill      XL: |  1  2  3 |
---------------+----------+-----
Axes           | 3 4 |  4.0
Shields        | 4 |  4.2
Fighting       | 4 |  4.2
Armour         | |  3.6

Action                   || total
-------------------------++-------
Melee: War axe           ||    67
       Headbutt          ||     6
  Use: Potion            ||     1
Armor: Scale mail        ||    40
Dodge: Dodged            ||    29
Block: Buckler           ||    10
